 Dungeon Crawl Stone Soup version 0.31-a0-152-g6aa68a64a1 (webtiles) character file.

Game seed: 760826620456145181

186 Ijustatesigmund the Stinger (level 5, 0/33 HPs)
             Began as an Octopode Venom Mage on June 9, 2023.
             Succumbed to an adder's poison
             ... in a sewer.
             The game lasted 00:08:23 (3441 turns).

Ijustatesigmund the Stinger (Octopode Venom Mage)   Turns: 3441, Time: 00:08:23

Health: 0/33       AC:  1    Str:  7    XL:     5   Next: 66%
Magic:  6/9        EV: 13    Int: 19    God:
Gold:   104        SH:  0    Dex: 19    Spells: 4/10 levels left

rFire   . . .        d - +0 demon blade (spect)
rCold   . . .        (no shield)
rNeg    . . .        (helmet restricted)
rPois   .            (no amulet)
rElec   .            c - +6 ring of dexterity
rCorr   .            (no ring)
SInv    .            (no ring)
Will    .....        (no ring)
Stlth   +++          (no ring)
HPRegen 0.25/turn    (no ring)
MPRegen 0.11/turn    (no ring)
                     (no ring)

%: no passive effects
@: lethally poisoned (0 -> -1), on berserk cooldown, attractive, slowed, very
slow
A: almost no armour, amphibious, 8 rings, camouflage 1, gelatinous body 1,
(nimble swimmer 1), tentacles
a: no special abilities


You were in a sewer.
You visited 1 branch of the dungeon, and saw 3 of its levels.
You also visited: Sewer.

You collected 104 gold pieces.

Inventory:

Hand Weapons
 d - a +0 spectral demon blade (weapon)
Jewellery
 c - a +6 ring of dexterity (left tentacle)
Wands
 f - a wand of iceblast (11)
Potions
 a - 2 potions of magic
 b - 3 potions of might
 g - a potion of mutation {unknown}
 i - 2 potions of berserk rage


   Skills:
 - Level 1.0 Fighting
 - Level 1.0 Long Blades
 - Level 2.0 Dodging
 - Level 2.6 Stealth
 + Level 3.1 Spellcasting
 + Level 1.8 Conjurations
 - Level 1.0 Transmutations
 + Level 2.1 Air Magic
 + Level 4.8 Poison Magic


You had 4 spell levels left.
You knew the following spells:

 Your Spells              Type           Power      Damage    Failure   Level
a - Sting                 Tmut/Pois      56%        1d5       4%          1
b - Poisonous Vapours     Pois/Air       32%        N/A       5%          2
c - Mephitic Cloud        Conj/Pois/Air  14%        N/A       14%         3

Your spell library contained the following spells:

 Spells                   Type           Power      Damage    Failure   Level
 Kiss of Death            Conj/Necr      24%        2d7       11%         1
 Olgreb's Toxic Radiance  Pois           21%        N/A       21%         4
 Confusing Touch          Hex            2%         N/A       41%         3
 Dispel Undead            Necr           2%         3d7       83%         4


Dungeon Overview and Level Annotations

Branches:
Dungeon (3/15)              Sewer (1/1)

Altars:


Innate Abilities, Weirdness & Mutations

You cannot wear most types of armour.
You are amphibious.
You can wear up to eight rings at the same time.
Your skin changes colour to match your surroundings (Stealth+).
Your rubbery body absorbs attacks. (AC +1, EV +1)
((You are camouflaged when in or above water. (Stealth+)))
You have tentacles for arms and can constrict up to eight enemies at once.


Message History

The adder bites you.
You are more poisoned.
The adder poisons you! The adder attacks as you move away! The adder bites you.
You are more poisoned.
The adder poisons you!
Your +0 spectral demon blade disappears.
You feel very sick. The adder bites you.
* * * LOW HITPOINT WARNING * * *
You see here an adder corpse.
It was a potion of berserk rage.
A red film seems to cover your vision as you go berserk!
You feel yourself moving faster!
You feel mighty!
You feel sick. The adder bites you.
* * * LOW HITPOINT WARNING * * *
You slash the adder!
You kill the adder!
* * * LOW HITPOINT WARNING * * *
You feel sick. The ball python closely misses you. The ball python misses you.
You feel sick.
There is an open door, spattered with blood here.
You feel a strong urge to attack something.
Things that are here:
a +0 short sword; a +0 short sword; 5 stones You slam the door shut with a bang!
You feel sick.
You hear an angry hiss.
You feel your anger nearly subside.
You feel sick.
You are no longer berserk.
You are exhausted.
You feel yourself slow down.
* * * LOW HITPOINT WARNING * * *
You feel sick.
* * * LOW HITPOINT WARNING * * *
You feel sick.
It was a potion of attraction.
You feel attractive to monsters.
You die...

#############
≈≈≈≈≈≈≈≈≈≈≈
≈≈≈≈≈≈≈≈≈
#######
#..#..#
#..@..#
##...##
#)..).# ≈
#).)..#
#≈#≈####+###
≈≈≈≈≈≈~~S..#
≈≈≈≈≈≈≈~...##
≈≈≈≈≈≈~~....#
~≈≈≈≈≈r.....#


There were no monsters in sight!

Vanquished Creatures
  Ijyb (D:3)
  6 adders
  3 river rats (Sewer)
  4 worms
  2 dart slugs (D:1)
  An orc (D:3)
  A ball python (D:2)
  8 endoplasms
  2 giant cockroaches (D:1)
  6 goblins
  6 hobgoblins
  A jackal (D:2)
  A quokka (D:1)
  7 bats
  2 frilled lizards
  10 kobolds
  9 rats
70 creatures vanquished.

Notes
Turn   | Place    | Note
-------+----------+-------------------------------------------
     0 | D:1      | Ijustatesigmund the Octopode Venom Mage began the quest for
                  | the Orb.
     0 | D:1      | Reached XP level 1. HP: 11/11 MP: 3/3
   363 | D:1      | Reached XP level 2. HP: 18/18 MP: 5/5
   366 | D:1      | Learned a level 2 spell: Poisonous Vapours
   690 | D:1      | Reached skill level 1 in Fighting
   769 | D:1      | Reached skill level 4 in Poison Magic
  1055 | D:1      | Reached XP level 3. HP: 23/23 MP: 6/6
  1059 | D:1      | Learned a level 3 spell: Mephitic Cloud
  1462 | D:2      | Found a faded altar of an unknown god.
  1893 | D:2      | Reached skill level 1 in Air Magic
  2224 | D:2      | Reached skill level 1 in Long Blades
  2226 | D:2      | Reached XP level 4. HP: 23/28 MP: 7/7
  2714 | D:2      | Reached skill level 1 in Conjurations
  2808 | D:3      | Noticed Ijyb
  2980 | D:3      | Killed Ijyb
  3152 | D:3      | Reached XP level 5. HP: 28/33 MP: 9/9
  3207 | D:3      | Found a glowing drain.
  3225 | Sewer    | Entered a sewer
  3441 | Sewer    | Succumbed to an adder's poison

Illustrated notes

Levels and vault maps discovered:
D:1:      erik_arrival_cave_to_civilisation [erik_arrival_cave_to_hall],
          layout_basic, minivault_19, serial_bayou_pond_a, minmay_pentomino_o2
D:2:      layout_basic, shapermc_ecumenical_altar_ellora, minmay_quadrilaterals
D:3:      layout_basic, cheibrodos_sewer_entry_bend, minmay_misc_feat_cross,
          uniq_ijyb
Sewer:    sewer_minmay_treatment

Skill      XL: |  1  2  3  4  5 |
---------------+----------------+-----
Fighting       | 1 |  1.0
Poison Magic   | 4 |  4.8
Air Magic      | 1 2 |  2.1
Long Blades    | 1 |  1.0
Conjurations   | 1 |  1.8
Spellcasting   | 3 |  3.1
Dodging        | |  2.0
Stealth        | |  2.6
Transmutations | |  1.0

Action                     |  1- 3 |  4- 6 || total
---------------------------+-------+-------++-------
  Melee: Short sword       |     9 |       ||     9
         Demon blade       |    41 |    47 ||    88
         Constrict         |    14 |    16 ||    30
         Tentacles         |    10 |    12 ||    22
         Punch             |     1 |       ||     1
   Cast: Sting             |     9 |       ||     9
         Poisonous Vapours |     3 |     2 ||     5
         Mephitic Cloud    |       |     1 ||     1
    Use: Scroll            |     5 |     4 ||     9
         Potion            |     1 |     2 ||     3
   Stab: Sleeping          |    10 |    10 ||    20
         Confused          |       |     1 ||     1
 Armour: Skin              |     6 |     4 ||    10
  Dodge: Dodged            |    21 |    17 ||    38

Table legend: (Time is in decaauts)
 A = Elapsed time spent in this place.
 B = Non-inter-level travel time spent in this place.
 C = Inter-level travel time spent in this place.
 D = Time resting spent in this place.
 E = Time spent auto-exploring this place.
 F = Levels seen in this place.
 G = Mean time per level.
                   A        B        C        D        E       F      G
               +--------+--------+--------+--------+--------+-----+--------+
         Total |   3461 |   3323 |    138 |   1441 |   1404 |   4 |  865.2 |
       Dungeon |   3243 |   3105 |    138 |   1307 |   1383 |   3 | 1081.0 |
         Sewer |    218 |    218 |      0 |    134 |     21 |   1 |  218.0 |
               +--------+--------+--------+--------+--------+-----+--------+

Top non-repeatable levels by time:
     D:2: 1586 daAuts
     D:1: 1399 daAuts
     D:3: 257 daAuts
   Sewer: 218 daAuts
